 Dungeon Crawl Stone Soup version 0.30-a0-1116-gebefce21f7 (webtiles) character file.

Game seed: 16043031473150436836

16617 cforsyth the Fighter (level 11, 0/42 (101) HPs)
             Began as a Demigod Wanderer on Apr 21, 2023.
             Slain by Sonja
             ... wielding a +1 short sword of draining
              (2 damage)
             ... on level 11 of the Dungeon.
             The game lasted 00:34:49 (18181 turns).

cforsyth the Fighter (Demigod Wanderer)            Turns: 18181, Time: 00:34:50

HP:   0/42 (101)    AC: 21    Str: 39    XL:     11   Next: 82%
MP:   14/14         EV: 13    Int:  8    God:
Gold: 838           SH:  5    Dex: 19    Spells: 10/10 levels left

rFire   + . .      SeeInvis .    L - +0 morningstar
rCold   . . .      Faith    .    b - +0 buckler {AC+3}
rNeg    . . .      Spirit   .    z - +5 ring mail "Jirooxkedgho" {*Corrode Str+8 Int-3 Dex+3 Stlth+}
rPois   .          Reflect  .    (no helmet)
rElec   .          Rampage  .    (no cloak)
rCorr   .                        c - +1 pair of gloves
Will    +....                    K - +2 pair of boots
Stlth   ++                       (no amulet)
HPRegen 0.27/turn                r - ring of protection from fire
MPRegen 0.14/turn                B - +6 ring of strength

@: lethally poisoned (0 -> -7), slowed, extremely drained, very slow
A: high MP 1, forlorn, divine attributes
a: no special abilities


You were on level 11 of the Dungeon.
You visited 1 branch of the dungeon, and saw 11 of its levels.
You also visited: Bailey.

You collected 1036 gold pieces.
You spent 198 gold pieces at shops.

Inventory:

Hand Weapons
 a - a +0 mace
 t - the +1 whip "Mokhlech" {drain, Will+ Int+7}
   (You found it on level 3 of the Dungeon)

   Int:       It affects your intelligence (+7).
   Will:      It increases your willpower.
 y - the +4 flail "Plog" {heavy, *Corrode rPois Int+3 SInv}
   (You found it on level 5 of the Dungeon)

   Int:       It affects your intelligence (+3).
   rPois:     It protects you from poison.
   SInv:      It lets you see invisible.
   *Corrode:  It may corrode you when you take damage.
 L - a +0 morningstar (weapon)
Missiles
 G - 3 throwing nets (quivered)
Armour
 b - a +0 buckler of protection (worn)
 c - a +1 pair of gloves (worn)
 d - a +0 chain mail
 e - a +0 leather armour
 l - a +0 pair of boots
 z - the +5 ring mail "Jirooxkedgho" (worn) {*Corrode Str+8 Int-3 Dex+3 Stlth+}
   (You bought it in a shop on level 5 of the Dungeon)

   Str:       It affects your strength (+8).
   Int:       It affects your intelligence (-3).
   Dex:       It affects your dexterity (+3).
   *Corrode:  It may corrode you when you take damage.
   Stlth:     It makes you more stealthy.
 K - a +2 pair of boots (worn)
Jewellery
 r - a ring of protection from fire (left hand)
 B - a +6 ring of strength (right hand)
 F - a ring of willpower
Wands
 p - a wand of polymorph (4)
 D - a wand of quicksilver (4)
 M - a wand of roots (5)
Scrolls
 g - a scroll of fog
 k - 3 scrolls of teleportation
 m - a scroll of immolation
 n - a scroll of fear
 o - a scroll of acquirement
 s - 2 scrolls of enchant armour
 v - a scroll of summoning
 x - a scroll of enchant weapon {unknown}
 A - a scroll of blinking
 C - a scroll of magic mapping {unknown}
 I - a scroll of identify
Potions
 f - 9 potions of curing
 h - a potion of magic
 i - a potion of cancellation
 j - a potion of attraction {unknown}
 q - a potion of flight
 u - a potion of resistance
 w - a potion of mutation
 E - 2 potions of brilliance
 H - a potion of invisibility {unknown}


   Skills:
 + Level 10.8 Fighting
 + Level 10.7 Maces & Flails
 + Level 10.6 Armour
 - Level 3.6 Dodging
 - Level 1.0 Stealth
 - Level 1.7 Shields


You had 10 spell levels left.
You didn't know any spells.
Your spell library contained the following spells:

 Spells                   Type           Power      Damage    Failure   Level
 Shock                    Conj/Air       0%         1d3       58%         1
 Sting                    Tmut/Pois      0%         1d3       58%         1
 Poisonous Vapours        Pois/Air       0%         N/A       73%         2
 Sublimation of Blood     Necr           0%         N/A       73%         2
 Wereblood                Tmut           0%         N/A       73%         2
 Inner Flame              Hex/Fire       0%         N/A       91%         3
 Mephitic Cloud           Conj/Pois/Air  0%         N/A       91%         3
 Swiftness                Air            0%         N/A       91%         3
 Airstrike                Air            0%         2d(0-16)  100%        4
 Flame Wave               Conj/Fire      0%         2d4       100%        4
 Olgreb's Toxic Radiance  Pois           0%         N/A       100%        4
 Petrify                  Tmut/Erth      0%         N/A       100%        4
 Sticky Flame             Conj/Fire      0%         2d3       100%        4
 Freezing Cloud           Conj/Ice/Air   0%         6-21      100%        5
 Irradiate                Conj/Tmut      0%         3d11      100%        5
 Summon Hydra             Summ           0%         N/A       100%        7


Dungeon Overview and Level Annotations

Branches:
Dungeon (11/15)            Temple (0/1) D:4            Lair (0/5) D:11
    Orc (0/2) D:10         Bailey (visited)

Shops:
D:5 [   D:10 ?

Annotations:
D:6 2 transporters, IdlyInterested's ghost, novice DsFi
D:11 Sonja


Innate Abilities, Weirdness & Mutations

You have an increased reservoir of magic. (+10% MP)
You shall have no god before yourself.
Your divine heritage dramatically boosts your attributes as you level up.


Message History

Sonja gestures wildly while chanting.
Sonja blinks!
You start resting.
Sonja gestures wildly while chanting.
Sonja blinks!
You start resting.
Sonja throws a curare-tipped dart.
You block the curare-tipped dart.
You close the door.
You start resting.
Sonja, the Graceful Assassin opens the door.
She is wielding a +1 short sword of draining, quivering curare-tipped darts and carrying a wand of digging (5).
You block Sonja's attack. x2
Sonja hits you with a +1 short sword of draining.
You feel drained. Sonja hits you but does no damage.
You feel drained. Sonja hits you but does no damage.
You feel drained. Sonja hits you but does no damage.
You feel drained.
There is an open door, spattered with blood here.
You closely miss Sonja.
Sonja is almost dead.
Sonja mumbles some strange words.
Sonja blinks!
Sonja throws a curare-tipped dart.
You block the curare-tipped dart.
You close the door.
Something unseen opens the door.
Sonja hits you but does no damage.
You feel drained. Sonja hits you but does no damage.
You feel drained. Sonja hits you but does no damage.
You feel drained.
Sonja casts a spell.
Sonja blinks!
Sonja throws a curare-tipped dart.
The curare-tipped dart hits you.
You are poisoned.
You have difficulty breathing.
You feel as though you will be slow longer.
There is an open door, spattered with blood here.
* * * LOW HITPOINT WARNING * * *
You feel very sick.
* * * LOW HITPOINT WARNING * * *
You feel very sick.
Sonja hits you with a +1 short sword of draining!
* * * LOW HITPOINT WARNING * * *
You feel drained.
You die...

#.................###..
#....................#.
#................#####.
#................#....#
######...........#..<..
#..######...#.....
#..'....#...#.....
####..#..).#...######
#...@K#....#.......<.
#.....######.........
#....................
###..............^.....
#......................
#......................
#......................
#......................
####...................


You could see Sonja.

Vanquished Creatures
  Josephine (D:11)
  Harold (D:11)
  A boulder beetle (D:11)
  A two-headed ogre (D:11)
  2 komodo dragons
  A rime drake (D:11)
  A troll (D:10)
  23 yaks
  A vampire (D:9)
  2 wraiths (D:11)
  A wyvern (D:8)
  A steam dragon (D:9)
  Grum (D:8)
  2 vampire mosquitoes (D:11)
  3 acid dragons
  A black bear (D:6)
  16 orc warriors
  3 ice beasts
  4 ogres
  23 centaurs
  6 wolves
  2 phantoms
  5 kobold brigands
  2 bullfrogs
  5 gnoll sergeants
  3 scorpions
  4 wights (D:7)
  16 killer bees
  3 howler monkeys
  A jelly (D:6)
  8 orc priests
  7 hounds
  6 gnoll boudas
  3 iguanas
  Jessica (D:2)
  12 orc wizards
  37 gnolls
  7 adders
  4 white imps
  3 worms
  3 dart slugs
  83 orcs
  6 bats
  9 endoplasms
  9 giant cockroaches
  10 goblins
  9 hobgoblins
  9 jackals
  10 kobolds
  10 ball pythons
  6 frilled lizards
  7 rats
395 creatures vanquished.

Vanquished Creatures (collateral kills)
  A kobold brigand (D:10)
1 creature vanquished.

Vanquished Creatures (others)
  An orc warrior (Bailey)
1 creature vanquished.

Grand Total: 397 creatures vanquished

Notes
Turn   | Place    | Note
-------+----------+-------------------------------------------
     0 | D:1      | cforsyth the Demigod Wanderer began the quest for the Orb.
     0 | D:1      | cforsyth set off with the following items: a +0 mace, a +0
                  | buckler of protection, a +0 pair of gloves, a potion of
                  | heal wounds, a +0 leather armour.
     0 | D:1      | Reached XP level 1. HP: 17/17 MP: 3/3
   257 | D:1      | Reached XP level 2. HP: 24/24 MP: 4/4
   313 | D:1      | Reached skill level 1 in Armour
   472 | D:1      | Reached XP level 3. HP: 24/30 MP: 5/5
  1162 | D:2      | Reached XP level 4. HP: 37/37 MP: 6/6
  1338 | D:2      | Noticed Jessica
  1342 | D:2      | Killed Jessica
  2352 | D:3      | Reached XP level 5. HP: 38/45 MP: 7/7
  3175 | D:3      | Identified the +1 whip "Mokhlech" {drain, Will+ Int+7}
  3574 | D:4      | Reached XP level 6. HP: 48/52 MP: 8/8
  3825 | D:4      | Found a staircase to the Ecumenical Temple.
  4728 | D:5      | Entered Level 5 of the Dungeon
  5321 | D:4      | Reached XP level 7. HP: 44/60 MP: 9/9
  5824 | D:4      | Reached skill level 5 in Fighting
  6241 | D:5      | Reached skill level 5 in Maces & Flails
  6395 | D:4      | Reached XP level 8. HP: 60/69 MP: 10/10
  6399 | D:4      | Reached skill level 5 in Armour
  6937 | D:5      | Identified the +4 flail "Plog" {heavy, *Corrode rPois Int+3
                  | SInv}
  7177 | D:5      | Found Zalalaef's Antique Armour Shop.
  7182 | D:5      | Bought a transparent ring mail for 198 gold pieces
  7182 | D:5      | Identified the +5 ring mail "Jirooxkedgho" {*Corrode Str+8
                  | Int-3 Dex+3 Stlth+} (You bought it in a shop on level 5 of
                  | the Dungeon)
  7518 | D:6      | Noticed a cyclops
  7523 | D:6      | Found a transporter.
  7523 | D:6      | Noticed IdlyInterested's ghost (novice DsFi)
  7977 | D:6      | Found a transporter.
  8789 | D:7      | Reached XP level 9. HP: 78/78 MP: 11/11
  9656 | D:8      | Noticed Grum
  9679 | D:8      | Killed Grum
 10473 | D:8      | Noticed an angel
 11067 | D:8      | Reached XP level 10. HP: 72/88 MP: 13/13
 12721 | D:10     | Entered Level 10 of the Dungeon
 12743 | D:10     | Found a staircase to the Orcish Mines.
 12998 | D:10     | Found a flagged portal.
 13003 | Bailey   | Entered a bailey
 13425 | Bailey   | Reached XP level 11. HP: 73/97 MP: 14/14
 15064 | D:10     | Found Bocsac's Magic Scroll Boutique.
 15273 | D:10     | Reached skill level 10 in Fighting
 15690 | D:11     | Reached skill level 10 in Maces & Flails
 15837 | D:11     | Found a staircase to the Lair.
 15923 | D:11     | Reached skill level 10 in Armour
 16248 | D:11     | Noticed a boulder beetle
 16260 | D:11     | Killed a boulder beetle
 16596 | D:11     | Noticed a two-headed ogre
 16862 | D:11     | Killed a two-headed ogre
 16996 | D:11     | Noticed Harold
 17021 | D:11     | Killed Harold
 17577 | D:11     | Noticed Josephine
 17613 | D:11     | Killed Josephine
 17925 | D:11     | Noticed Sonja
 18181 | D:11     | HP: 2/44 [Sonja/+1 short sword of draining (7)]
 18181 | D:11     | Slain by Sonja

Illustrated notes

Levels and vault maps discovered:
D:1:      elethiomel_arrival_shortcut, layout_loops_ring
D:2:      layout_basic, uniq_jessica
D:3:      layout_loops_ring, chequers_temple_overflow_statue_of_worship
D:4:      layout_basic, minmay_temple_entry_enclosed_plants
D:5:      layout_cave_pods, serial_gnoll_camp, gnoll_camp_mini_loothouse,
          gnoll_camp_mini_basic, gnoll_camp_mini_hut, gnoll_camp_huts_basic,
          gnoll_camp_mini_shop
D:6:      layout_loops_ring, gammafunk_ghost_arena, chequers_jeans
D:7:      layout_loops_cross, lemuel_coloured_pillars_altar
D:8:      layout_loops_ring, zin_angel, nicolae_zen_rock_garden,
          dreamdust_gnoll_shepherd, uniq_grum
D:9:      layout_roguey
D:10:     layout_irregular_city, tso_altar, tgw_sif,
          kennysheep_orc_monster_closet_entryway, serial_shops, shop_statue,
          enter_bailey_3
D:11:     layout_irregular_city, hellmonk_lair_entry_icy, feat_on_display,
          uniq_harold, uniq_josephine, uniq_sonja

Skill      XL: |  1  2  3  4  5  6  7  8  9 10 11 |
---------------+----------------------------------+-----
Fighting       | 2 3 4 5 6 8 9 10 | 10.8
Armour         | 1 2 3 4 6 7 9 10 | 10.6
Maces & Flails | 2 3 4 5 6 8 9 10 | 10.7
Dodging        | |  3.6
Stealth        | |  1.0
Shields        | |  1.7

Action                     |  1- 3 |  4- 6 |  7- 9 | 10-12 || total
---------------------------+-------+-------+-------+-------++-------
  Melee: Mace              |   146 |   123 |       |       ||   269
         Unarmed           |       |    22 |       |       ||    22
         Whip              |       |   161 |   657 |   823 ||  1641
         Morningstar       |       |       |       |    64 ||    64
  Evoke: Wand              |       |       |       |     2 ||     2
    Use: Potion            |       |     1 |     1 |     4 ||     6
         Scroll            |       |       |       |    21 ||    21
   Stab: Sleeping          |     4 |     5 |     3 |     2 ||    14
         Distracted        |       |       |       |     1 ||     1
 Armour: Leather armour    |    57 |   115 |    25 |       ||   197
         Chain mail        |       |       |   112 |       ||   112
         Ring mail         |       |       |   142 |   425 ||   567
  Dodge: Dodged            |    94 |   195 |   326 |   601 ||  1216
  Block: Buckler           |    37 |    80 |   132 |   222 ||   471

Table legend: (Time is in decaauts)
 A = Elapsed time spent in this place.
 B = Non-inter-level travel time spent in this place.
 C = Inter-level travel time spent in this place.
 D = Time resting spent in this place.
 E = Time spent auto-exploring this place.
 F = Levels seen in this place.
 G = Mean time per level.
                   A        B        C        D        E       F      G
               +--------+--------+--------+--------+--------+-----+--------+
         Total |  17985 |  17166 |    819 |   5033 |   7844 |  12 | 1498.8 |
       Dungeon |  16127 |  15308 |    819 |   4184 |   7623 |  11 | 1466.1 |
        Bailey |   1858 |   1858 |      0 |    849 |    221 |   1 | 1858.0 |
               +--------+--------+--------+--------+--------+-----+--------+

Top non-repeatable levels by time:
     D:4: 2855 daAuts
    D:11: 2272 daAuts
     D:8: 1948 daAuts
  Bailey: 1858 daAuts
     D:2: 1769 daAuts
     D:5: 1545 daAuts
    D:10: 1168 daAuts
     D:3: 1130 daAuts
     D:7: 985 daAuts
     D:9: 891 daAuts
     D:1: 804 daAuts
     D:6: 756 daAuts
